 Dungeon Crawl Stone Soup version 0.30-a0-738-g116ff8c4af (webtiles) character file.

Game seed: 13280864079784323425

268 gelatine the Chopper (level 6, -3/48 HPs)
             Began as a Demonspawn Fighter on Feb 4, 2023.
             Slain by an iguana (10 damage)
             ... on level 3 of the Dungeon.
             The game lasted 00:06:54 (2408 turns).

gelatine the Chopper (Demonspawn Fighter)           Turns: 2408, Time: 00:06:54

Health: -3/48      AC: 12    Str: 18    XL:     6   Next: 0%
Magic:  6/6        EV:  7    Int: 10    God:
Gold:   133        SH:  0    Dex: 12    Spells: 5/5 levels left

rFire   . . .      SeeInvis .    i - +0 battleaxe
rCold   . . .      Faith    .    (shield currently unavailable)
rNeg    . . .      Spirit   .    s - +0 chain mail
rPois   +          Reflect  .    v - +0 helmet
rElec   .          Harm     .    y - scarf {repulsion}
rCorr   .          Rampage  .    (no gloves)
Will    .....                    (no boots) Stlth
                                 (no amulet)
HPRegen 0.28/turn                m - ring of poison resistance
MPRegen 0.10/turn                (no ring)

@: mighty, repel missiles
A: yellow scales 1, powered by pain 1, demonic touch 1
a: no special abilities


You were on level 3 of the Dungeon.
You visited 1 branch of the dungeon, and saw 3 of its levels.

You collected 133 gold pieces.

Inventory:

Hand Weapons
 a - a +0 war axe
 i - a +0 battleaxe (weapon)
Armour
 b - a +0 scale mail
 c - a +0 buckler
 e - a +0 cloak
 o - a +0 pair of gloves
 s - a +0 chain mail (worn)
 v - a +0 helmet (worn)
 y - a scarf of repulsion (worn)
Jewellery
 f - a ring of ice
 m - a ring of poison resistance (left hand)
Wands
 t - a wand of mindburst (12)
 x - a wand of paralysis (8)
Scrolls
 g - a scroll of fog {unknown}
 j - a scroll of fear {unknown}
 l - 2 scrolls of torment {unknown}
 n - a scroll of immolation {unknown}
 q - a scroll of vulnerability {unknown}
 u - a scroll of poison {unknown}
 z - a scroll of enchant weapon {unknown}
Potions
 d - a potion of might
 h - 2 potions of attraction {unknown}
 k - 2 potions of lignification {unknown}
 p - a potion of magic {unknown}
 r - a potion of flight {unknown}
 w - a potion of degeneration {unknown}


   Skills:
 * Level 3.6 Fighting
 * Level 4.2 Axes
 * Level 3.3 Armour
 * Level 2.0 Dodging
 + Level 0.2 Stealth
 + Level 3.0 Shields


You had 5 spell levels left.
You didn't know any spells.
Your spell library contained the following spells:

 Spells                   Type           Power      Damage    Failure   Level
 Sting                    Tmut/Pois      0%         1d3       99%         1
 Poisonous Vapours        Pois/Air       0%         N/A       100%        2
 Olgreb's Toxic Radiance  Pois           0%         N/A       100%        4


Dungeon Overview and Level Annotations

Branches:
Dungeon (3/15)

Altars:
Gozag
Okawaru


Innate Abilities, Weirdness & Mutations

You are partially covered in yellow scales. (AC +2)
You sometimes gain a little power by taking damage.
Your touch may inflict minor irresistible damage on your foes.


Message History

MrSquiggles's ghost is lightly damaged.
You hit the orc.
MrSquiggles's ghost hits you but does no damage.
The orc hits you but does no damage.
You slash MrSquiggles's ghost!
MrSquiggles's ghost is moderately damaged.
You hit the dart slug. You slash the orc!
You kill the orc!
MrSquiggles's ghost hits you but does no damage.
The dart slug launches a dart at you. The slug dart misses you.
The iguana bites you but does no damage.
MrSquiggles's ghost hits you! The dart slug bites you.
You hit MrSquiggles's ghost.
MrSquiggles's ghost is heavily damaged.
You slash the dart slug!
You kill the dart slug!
You hit the iguana but do no damage. The iguana barely misses you.
MrSquiggles's ghost barely misses you.
You feel very mighty all of a sudden. The iguana bites you.
MrSquiggles's ghost hits you!
* * * LOW HITPOINT WARNING * * *
You barely miss MrSquiggles's ghost.
MrSquiggles's ghost is heavily damaged.
You barely miss the iguana. The iguana bites you.
* * * LOW HITPOINT WARNING * * *
MrSquiggles's ghost barely misses you.
The iguana bites you but does no damage.
MrSquiggles's ghost hits you.
* * * LOW HITPOINT WARNING * * *
You slice MrSquiggles's ghost!!
You destroy MrSquiggles's ghost!
You closely miss the iguana.
The iguana bites you but does no damage.
Your Dodging skill increases to level 2!
You have reached level 6!
You slash the iguana!
The iguana is heavily wounded.
The iguana barely misses you. The iguana bites you!
You die...

#...#####..............## #.
#.#..# #...........#### #.
#.##.####...........# ####.
#.##...........>....# #..).
#.#######..........## #..##
#.##########..)##### ###..##
#.##....###..).# ##....##
#.##.........))## #..##.#.
#.##.......@.).)#####.###.#.
#.##....##l'†##.##....##..#.
#.##...##.....##...####..##.
#.##...#∩.$_...#......#.#...
#.##...#8.$8$.8######.......
##.##<..#∩......########.#.##
#..##...##.8∩8.###.......#.##
#.##.....#######.#.......#...
#.##..#####..# #.#......##.##


You could see an iguana.

Vanquished Creatures
  The ghost of MrSquiggles the Charlatan, a weakling MiAr (D:3)
  Robin (D:3)
  6 gnolls
  6 adders
  A dart slug (D:3)
  2 worms
  9 orcs (D:3)
  2 ball pythons
  7 bats
  4 endoplasms
  2 giant cockroaches
  11 goblins
  13 hobgoblins
  6 jackals (D:2)
  3 quokkas
  2 frilled lizards (D:1)
  8 kobolds
  3 rats
87 creatures vanquished.

Notes
Turn   | Place    | Note
-------+----------+-------------------------------------------
     0 | D:1      | gelatine the Demonspawn Fighter began the quest for the
                  | Orb.
     0 | D:1      | Reached XP level 1. HP: 18/18 MP: 1/1
   114 | D:1      | Reached skill level 2 in Axes
   121 | D:1      | Gained mutation: Your touch may inflict minor irresistible
                  | damage on your foes. [demonic ancestry]
   121 | D:1      | Reached XP level 2. HP: 24/24 MP: 2/2
   581 | D:2      | Gained mutation: You are partially covered in yellow
                  | scales. (AC +2) [demonic ancestry]
   581 | D:2      | Reached XP level 3. HP: 29/29 MP: 3/3
   722 | D:2      | Reached skill level 1 in Dodging
   758 | D:2      | Reached XP level 4. HP: 27/35 MP: 4/4
   759 | D:2      | Reached skill level 3 in Axes
  1617 | D:3      | Gained mutation: You sometimes gain a little power by
                  | taking damage. [demonic ancestry]
  1617 | D:3      | Reached XP level 5. HP: 38/41 MP: 5/5
  1797 | D:3      | Found an iron altar of Okawaru.
  1906 | D:3      | Found a runed translucent gate.
  1906 | D:3      | Found a runed translucent gate.
  1907 | D:3      | Found a runed translucent gate.
  1909 | D:3      | Found an opulent altar of Gozag.
  1910 | D:3      | Noticed MrSquiggles's ghost (weakling MiAr)
  1910 | D:3      | Noticed Robin
  1931 | D:3      | Killed Robin
  1932 | D:3      | Reached skill level 4 in Axes
  2407 | D:3      | Killed MrSquiggles's ghost
  2408 | D:3      | Reached XP level 6. HP: 6/48 MP: 6/6
  2408 | D:3      | Slain by an iguana

Illustrated notes

Levels and vault maps discovered:
D:1:      minmay_arrival_hallway, layout_basic
D:2:      layout_basic, minmay_pentomino_x4
D:3:      minmay_angry_zag, layout_rooms, okawaru_trees_2, ebering_ghost_gozag,
          serial_corexii_hall, chequers_hall_statues_wall_a,
          chequers_hall_statues_corner_a, uniq_robin

Skill      XL: |  1  2  3  4  5 |
---------------+----------------+-----
Axes           | 2 3 4 |  4.2
Shields        | 3 |  3.0
Dodging        | 1 2 |  2.0
Armour         | 3 |  3.3
Fighting       | |  3.6
Stealth        | |  0.2

Action                     |  1- 3 |  4- 6 || total
---------------------------+-------+-------++-------
  Melee: War axe           |    39 |       ||    39
         Battleaxe         |    65 |   126 ||   191
    Use: Potion            |       |     1 ||     1
 Armour: Scale mail        |    87 |    17 ||   104
         Chain mail        |       |    98 ||    98
  Dodge: Dodged            |    80 |    89 ||   169
  Block: Buckler           |    14 |       ||    14

Table legend: (Time is in decaauts)
 A = Elapsed time spent in this place.
 B = Non-inter-level travel time spent in this place.
 C = Inter-level travel time spent in this place.
 D = Time resting spent in this place.
 E = Time spent auto-exploring this place.
 F = Levels seen in this place.
 G = Mean time per level.
                   A        B        C        D        E       F      G
               +--------+--------+--------+--------+--------+-----+--------+
         Total |   2525 |   2416 |    109 |      0 |   1671 |   3 |  841.7 |
       Dungeon |   2525 |   2416 |    109 |      0 |   1671 |   3 |  841.7 |
               +--------+--------+--------+--------+--------+-----+--------+

Top non-repeatable levels by time:
     D:2: 1068 daAuts
     D:3: 905 daAuts
     D:1: 552 daAuts
